 Dungeon Crawl Stone Soup version 0.25.1-2-g60ff931df9 (webtiles) character file.

Game seed: 1825668082134559358

129 hawla the Skirmisher (level 4, -6/41 HPs)
             Began as a Minotaur Fighter on Oct 25, 2020.
             Killed by divine providence
             ... invoked by an orc priest
              (15 damage)
             ... on level 3 of the Dungeon.
             The game lasted 00:04:54 (2959 turns).

hawla the Skirmisher (Minotaur Fighter)             Turns: 2959, Time: 00:04:54

Health: -6/41      AC:  3    Str: 21    XL:     4   Next: 88%
Magic:  3/3        EV: 12    Int:  5    God:
Gold:   130        SH:  0    Dex: 10    Spells: 3/3 levels left

rFire    . . .     SeeInvis .   h - +0 dagger (flame)
rCold    . . .     Gourm    .   (no shield)
rNeg     . . .     Faith    .   c - +0 robe
rPois    .         Spirit   .   (helmet restricted)
rElec    .         Reflect  .   (no cloak)
rCorr    .         Harm     .   g - +0 pair of gloves
MR       .....                  (no boots)
Stlth    ++........             (no amulet)
HPRegen  0.13/turn              n - ring of stealth
MPRegen  0.08/turn              (no ring)

@: no status effects
A: retaliatory headbutt, horns 2
a: no special abilities


You were on level 3 of the Dungeon.
You were not hungry.

You visited 1 branch of the dungeon, and saw 3 of its levels.

You collected 130 gold pieces.

Inventory:

Hand Weapons
 a - a +0 long sword
 h - a +0 dagger of flaming (weapon)
Missiles
 j - 5 boomerangs (quivered)
Armour
 b - a +0 scale mail
 c - a +0 robe (worn)
 g - a +0 pair of gloves (worn)
 l - a +0 chain mail
 s - a +0 ring mail
 u - a +0 ring mail of cold resistance
Jewellery
 n - a ring of stealth (left hand)
Scrolls
 e - a scroll of remove curse
 i - 2 scrolls of identify
 k - 2 scrolls of fog
Comestibles
 d - a chunk of flesh
 f - 6 rations


   Skills:
 + Level 4.7 Fighting
 + Level 0.5(1.9) Short Blades
 + Level 3.3 Long Blades
 + Level 4.1 Armour
 * Level 2.8 Dodging
 + Level 0.4 Stealth
   Level 3.6 Shields


You had 3 spell levels left.
You didn't know any spells.
Your spell library was empty.

Dungeon Overview and Level Annotations

Branches:
Dungeon (3/15)

Altars:
Dithmenos
Okawaru


Innate Abilities, Weirdness & Mutations

You reflexively headbutt those who attack you in melee.
You have a pair of horns on your head.


Message History

The orc priest closely misses you.
You hit the worm. You burn the worm.
The worm is heavily wounded.
Some of the chunks of flesh in your inventory have rotted away.
You hit the worm. You burn the worm.
The worm is severely wounded.
You hit the worm but do no damage.
The worm is severely wounded.
The worm bites you!
You barely miss the worm.
You headbutt the worm, but do no damage.
The worm is heavily wounded.
The worm bites you!
The orc priest calls down the wrath of Beogh upon you.
Beogh smites you!
* * * LOW HITPOINT WARNING * * *
You see here a +0 whip.
The orc priest mumbles some strange prayers to Beogh against you.
Beogh smites you!
You die...

#........+...###.....#.####
#+#+##.#####.o.....)[#......#
........# #....w....###.##.#
........# #...o...).+......#
........####.........#.##########
.......รท.#.............#..(......
(........#.####......#.#.########
..####.#.#.#....)....+.#.# ..#
#.#.#.#.#..@.)..#w#.# ..#
#.#.#.#+#'#..)..#.#.# #>.
..#.....(...###.#.#.#
########.........#<#...#.#
.......#....[....#.#####.#
##..##.#.........#...# #.########
#..##.#........####'###.........
#..##.#####+##......(........##.
##..##'#####.##.###............#.


You could see a worm, an orc priest and an orc.

Vanquished Creatures
  An orc priest (D:3)
  A gnoll (D:1)
  2 adders (D:2)
  An ooze (D:1)
  2 worms (D:3)
  A dart slug (D:1)
  5 leopard geckos
  4 orcs (D:3)
  6 bats
  5 goblins
  9 hobgoblins
  7 kobolds
  4 frilled lizards
  5 rats
53 creatures vanquished.

Vanquished Creatures (others)
  A bat (D:3)
1 creature vanquished.

Grand Total: 54 creatures vanquished

Notes
Turn   | Place    | Note
-------+----------+-------------------------------------------
     0 | D:1      | hawla the Minotaur Fighter began the quest for the Orb.
     0 | D:1      | Reached XP level 1. HP: 19/19 MP: 0/0
   252 | D:1      | Reached XP level 2. HP: 21/27 MP: 1/1
   322 | D:1      | Reached skill level 1 in Dodging
   650 | D:1      | Reached XP level 3. HP: 30/33 MP: 2/2
   870 | D:1      | Found an iron altar of Okawaru.
  2132 | D:2      | Reached XP level 4. HP: 37/41 MP: 3/3
  2343 | D:3      | Found a shadowy altar of Dithmenos.
  2959 | D:3      | Killed from afar by an orc priest

Illustrated notes

Levels and vault maps discovered:
D:1:      heliophobic_arrival_dark_side_of_the_moon, layout_basic, serial_glass,
          glass_columns_b, glass_columns_a, okawaru_ov_weapons_minmay
D:2:      layout_basic, feat_on_display
D:3:      layout_basic, grunt_dithmenos_smoke, tso_oasis_becter, first_ration,
          lemuel_flame_loot_1

Skill      XL: |  1  2  3 |
---------------+----------+-----
Fighting       | 4 |  4.7
Dodging        | 1 2 |  2.8
Armour         | 4 |  4.1
Long Blades    | 3 |  3.3
Short Blades   | |  0.5
Stealth        | |  0.4
Shields        | |  3.6

Action                   |  1- 3 |  4- 6 || total
-------------------------+-------+-------++-------
Melee: Long sword        |    42 |     3 ||    45
       Headbutt          |    11 |    14 ||    25
       Dagger            |    32 |    45 ||    77
Throw: Boomerang         |       |     2 ||     2
  Use: Scroll            |     4 |     1 ||     5
       Potion            |       |     6 ||     6
 Stab: Sleeping          |       |     3 ||     3
  Eat: Chunk             |     4 |     2 ||     6
Armor: Robe              |    15 |     3 ||    18
       Skin              |       |     2 ||     2
Dodge: Dodged            |    52 |    30 ||    82
       Rpst.: Long sword |     9 |     1 ||    10
